 Dungeon Crawl Stone Soup version 0.29-a0-409-gd843f3a48c (webtiles) character file.

Game seed: 11481251830083533994

631 croobank the Covert (level 7, -2/60 HPs)
             Began as a Gnoll Delver on May 14, 2022.
             Slain by a two-headed ogre
             ... wielding a +0 giant spiked club
              (10 damage)
             ... on level 5 of the Dungeon.
             The game lasted 00:18:30 (4566 turns).

croobank the Covert (Gnoll Delver)                  Turns: 4566, Time: 00:18:45

Health: -2/60      AC: 13    Str: 10    XL:     7   Next: 48%
Magic:  19/19      EV:  5    Int: 18    God:
Gold:   188        SH:  0    Dex: 13    Spells: 2/11 levels left

rFire   . . .      SeeInvis .   A - +5 broad axe "Hihenwua" {vorpal, *Corrode MP+9 Int+8 Dex-2}
rCold   + . .      Faith    .   (no shield)
rNeg    + . .      Spirit   .   j - +1 chain mail {Will+}
rPois   +          Reflect  .   (no helmet)
rElec   .          Harm     .   G - +2 ratskin cloak {*Rats rPois rN+ Str-1 Int-1 Dex+1}
rCorr   .          Rampage  .   (no gloves)
Will    +....                   (no boots)
Stlth   +.........              (no amulet)
HPRegen 0.20/turn               p - ring of protection from cold
MPRegen 0.16/turn               v - ring of wizardry

@: very slow
A: fangs 1, strong nose, distributed training
a: no special abilities


You were on level 5 of the Dungeon.
You visited 1 branch of the dungeon, and saw 5 of its levels.

You collected 188 gold pieces.

Inventory:

Hand Weapons
 a - the +4 dagger "Ikuifish" {speed, Fly rN+ Will+ Stlth+}
   (You found it on level 2 of the Dungeon)

   Attacks with this weapon are significantly faster.
   rN:        It protects you from negative energy.
   Fly:       It grants you flight.
   Will:      It increases your willpower.
   Stlth:     It makes you more stealthy.
 i - a +0 dagger
 o - a +1 dagger of speed
 w - a +0 hand axe
 z - a +0 trident
 A - the +5 broad axe "Hihenwua" (weapon) {vorpal, *Corrode MP+9 Int+8 Dex-2}
   (You found it on level 3 of the Dungeon)

   It inflicts extra damage upon your enemies.
   Int:       It affects your intelligence (+8).
   Dex:       It affects your dexterity (-2).
   MP:        It affects your magic capacity (+9).
   *Corrode:  It may corrode you when you take damage.
 C - a +1 flail of holy wrath
Missiles
 k - 52 stones
 q - 6 poisoned darts (quivered)
Armour
 b - a +0 leather armour
 h - a scarf of resistance
 j - a +1 chain mail of willpower (worn)
 r - a +0 buckler
 t - a +0 ring mail
 y - a +0 kite shield
 D - a +0 scale mail
 G - the +2 ratskin cloak (worn) {*Rats rPois rN+ Str-1 Int-1 Dex+1}
   (You found it on level 5 of the Dungeon)

   When the wearer is hurt, rats may emerge from it to assist them.
   Str:       It affects your strength (-1).
   Int:       It affects your intelligence (-1).
   Dex:       It affects your dexterity (+1).
   rPois:     It protects you from poison.
   rN:        It protects you from negative energy.
Magical Staves
 d - a staff of fire
Jewellery
 p - a ring of protection from cold (left hand)
 v - a ring of wizardry (right hand)
Wands
 g - a wand of digging (3)
Scrolls
 c - a scroll of fog
 l - 3 scrolls of identify
 m - 2 scrolls of magic mapping
 s - a scroll of enchant armour {unknown}
 u - 2 scrolls of immolation {unknown}
 x - a scroll of enchant weapon {unknown}
 B - a scroll of torment
Potions
 e - 2 potions of mutation
 f - 2 potions of haste
 n - a potion of heal wounds
 E - a potion of brilliance {unknown}
 F - 2 potions of curing


   Skills:
 + Level 7.0 Fighting
 + Level 2.5 Short Blades
 + Level 2.5 Long Blades
 + Level 5.2 Axes
 + Level 2.5 Maces & Flails
 + Level 2.5 Polearms
 + Level 2.5 Staves
 + Level 2.5 Slings
 + Level 2.5 Bows
 + Level 2.5 Crossbows
 + Level 2.5 Throwing
 + Level 2.5 Armour
 + Level 5.2 Dodging
 + Level 9.9 Stealth
 + Level 2.5 Shields
 + Level 2.5 Unarmed Combat
 + Level 2.5 Spellcasting
 + Level 2.0 Conjurations
 + Level 2.0 Hexes
 + Level 2.0 Summonings
 + Level 2.0 Necromancy
 + Level 2.0 Translocations
 + Level 2.0 Transmutations
 + Level 2.0 Fire Magic
 + Level 2.0 Ice Magic
 + Level 2.0 Air Magic
 + Level 2.0 Earth Magic
 + Level 2.0 Poison Magic
 + Level 2.8 Invocations
 + Level 2.5 Evocations


You had 2 spell levels left.
You knew the following spells:

 Your Spells              Type           Power      Damage    Failure   Level
a - Mephitic Cloud        Conj/Pois/Air  9%         N/A       99%         3
b - Summon Small Mammal   Summ           36%        N/A       87%         1
c - Freezing Cloud        Conj/Ice/Air   4%         6-21      100%        5

Your spell library contained the following spells:

 Spells                   Type           Power      Damage    Failure   Level
 Animate Skeleton         Necr           18%        N/A       87%         1
 Apportation              Tloc           18%        N/A       87%         1
 Gell's Gravitas          Tloc           9%         N/A       99%         3
 Ignite Poison            Fire/Tmut/Pois 9%         N/A       99%         3
 Lesser Beckoning         Tloc           9%         N/A       99%         3
 Teleport Other           Tloc           9%         N/A       99%         3


Dungeon Overview and Level Annotations

Branches:
Dungeon (5/15)
 Temple: D:4-7

Altars:
Cheibriados
Uskayaw
Zin

Shops:
D:3 *


Innate Abilities, Weirdness & Mutations

You have very sharp teeth.
Your uncanny sense of smell can sniff out nearby items.
Your experience applies equally to all skills.


Message History

No target in view!
You see here an adder corpse.
You enter the shallow water.
Moving in this stuff is going to be slow.
A two-headed ogre comes into view.
It is wielding a +0 giant spiked club and a +0 giant club.
The two-headed ogre shouts in stereo!
The two-headed ogre moves out of view.
Okay, then.
Throw: 9 darts (poison)
Press: ? - help, Q - select action, (/) - cycle Shift-Dir - straight line, f - two-headed ogre
Aim: a two-headed ogre, wielding a +0 giant spiked club and a +0 giant club (76% to hit)
You throw a poisoned dart.
The poisoned dart hits the two-headed ogre.
The two-headed ogre is poisoned.
Throw: 8 darts (poison)
Press: ? - help, Q - select action, (/) - cycle Shift-Dir - straight line, f/p - two-headed ogre
Aim: a two-headed ogre, wielding a +0 giant spiked club and a +0 giant club (poisoned, 76% to hit)
You throw a poisoned dart.
The poisoned dart hits the two-headed ogre!
The two-headed ogre looks even sicker.
Throw: 7 darts (poison)
Press: ? - help, Q - select action, (/) - cycle Shift-Dir - straight line, f/p - two-headed ogre
Aim: a two-headed ogre, wielding a +0 giant spiked club and a +0 giant club (very poisoned, 76% to hit)
You throw a poisoned dart.
The poisoned dart hits the two-headed ogre.
The two-headed ogre looks as sick as possible!
You enter the shallow water.
Moving in this stuff is going to be slow.
The two-headed ogre attacks as you move away!
The two-headed ogre barely misses you.
The two-headed ogre hits you with a +0 giant club!!
You enter the shallow water.
Moving in this stuff is going to be slow.
You slash the two-headed ogre!
The two-headed ogre is heavily wounded.
The two-headed ogre hits you with a +0 giant spiked club!!
* * * LOW HITPOINT WARNING * * *
A hell rat scurries out from under your cloak.
The two-headed ogre hits you with a +0 giant club!
You die...

∆ ##########
##...O@r≈≈##
##.########≈##
######.# #≈##
....≈##.#
#......# #≈#
.≈P.≈≈#.#
#.###### #.#
...$$S#.# #.#
#.#+ .P≈≈SS#†#
#.# #..#
.P/≈≈##≈## #.#
##.#
########≈##
#.#### #≈≈#
.P$≈≈##≈#


You could see a two-headed ogre (very poisoned, ally target) and a friendly hell
rat.

Vanquished Creatures
  Grinder (D:3)
  Menkaure (D:4)
  A phantom (D:4)
  A gnoll sergeant (D:3)
  An orc wizard (D:4)
  3 gnolls (D:2)
  4 adders
  A white imp (D:5)
  3 worms (D:2)
  A dart slug (D:4)
  10 orcs
  6 bats
  11 endoplasms
  3 giant cockroaches
  6 goblins
  8 hobgoblins
  2 jackals (D:1)
  6 quokkas
  3 ball pythons
  2 frilled lizards (D:2)
  6 kobolds
  3 rats
83 creatures vanquished.

Notes
Turn   | Place    | Note
-------+----------+-------------------------------------------
     0 | D:5      | Reached skill level 9 in Stealth
     0 | D:5      | croobank the Gnoll Delver began the quest for the Orb.
     0 | D:5      | Reached XP level 1. HP: 23/23 MP: 1/1
    48 | D:3      | Found Maeconun's General Store.
    54 | D:3      | Noticed a gnoll sergeant
   135 | D:1      | Reached XP level 2. HP: 20/29 MP: 2/2
   176 | D:1      | Found a faded altar of an unknown god.
   747 | D:1      | Reached XP level 3. HP: 35/35 MP: 3/3
  1066 | D:2      | Reached skill level 1 in Invocations
  1544 | D:2      | Identified the +4 dagger "Ikuifish" {speed, Fly rN+ Will+
                  | Stlth+}
  1928 | D:2      | Reached skill level 1 in Short Blades
  1928 | D:2      | Reached skill level 1 in Long Blades
  1928 | D:2      | Reached skill level 1 in Maces & Flails
  1928 | D:2      | Reached skill level 1 in Polearms
  1928 | D:2      | Reached skill level 1 in Staves
  1928 | D:2      | Reached skill level 1 in Slings
  1928 | D:2      | Reached skill level 1 in Bows
  1928 | D:2      | Reached skill level 1 in Crossbows
  1928 | D:2      | Reached skill level 1 in Throwing
  1928 | D:2      | Reached skill level 1 in Armour
  1928 | D:2      | Reached skill level 1 in Shields
  1928 | D:2      | Reached skill level 1 in Unarmed Combat
  1928 | D:2      | Reached skill level 1 in Spellcasting
  1928 | D:2      | Reached skill level 1 in Evocations
  1932 | D:2      | Reached XP level 4. HP: 10/41 MP: 5/5
  2360 | D:4      | Learned a level 3 spell: Mephitic Cloud
  2362 | D:4      | Learned a level 1 spell: Summon Small Mammal
  2440 | D:3      | Identified the +5 broad axe "Hihenwua" {vorpal, *Corrode
                  | MP+9 Int+8 Dex-2}
  2443 | D:3      | Killed a gnoll sergeant
  2444 | D:3      | Reached skill level 1 in Conjurations
  2444 | D:3      | Reached skill level 1 in Hexes
  2444 | D:3      | Reached skill level 1 in Summonings
  2444 | D:3      | Reached skill level 1 in Necromancy
  2444 | D:3      | Reached skill level 1 in Translocations
  2444 | D:3      | Reached skill level 1 in Transmutations
  2444 | D:3      | Reached skill level 1 in Fire Magic
  2444 | D:3      | Reached skill level 1 in Ice Magic
  2444 | D:3      | Reached skill level 1 in Air Magic
  2444 | D:3      | Reached skill level 1 in Earth Magic
  2444 | D:3      | Reached skill level 1 in Poison Magic
  2444 | D:3      | Reached XP level 5. HP: 47/47 MP: 1/7
  2920 | D:3      | Found a glowing silver altar of Zin.
  2922 | D:3      | Found a snail-covered altar of Cheibriados.
  3040 | D:3      | Noticed Grinder
  3052 | D:3      | Killed Grinder
  3053 | D:3      | Reached skill level 5 in Axes
  3053 | D:3      | Reached skill level 5 in Dodging
  3053 | D:3      | Reached XP level 6. HP: 20/53 MP: 9/9
  3714 | D:4      | Noticed Menkaure
  3722 | D:4      | Killed Menkaure
  3723 | D:4      | Reached XP level 7. HP: 33/59 MP: 10/10
  4016 | D:4      | Found a hide-covered altar of Uskayaw.
  4449 | D:5      | Found the +2 ratskin cloak {*Rats rPois rN+ Str-1 Int-1
                  | Dex+1}
  4464 | D:5      | Learned a level 5 spell: Freezing Cloud
  4551 | D:5      | Noticed a two-headed ogre
  4566 | D:5      | Slain by a two-headed ogre

Illustrated notes

Levels and vault maps discovered:
D:1:      heliophobic_arrival_dark_side_of_the_moon, layout_rooms,
          dreamdust_ecumenical_altar_angels_and_demons,
          dreamdust_princess_corridor, st_stairs_13, kennysheep_minor_cross,
          kennysheep_pointless_box, roderic_roman_lattice
D:2:      layout_loops_ring
D:3:      layout_loops_corners, nicolae_overflow_hidden_temple, serial_shops,
          shop, uniq_grinder
D:4:      layout_cave_pools, mainiacjoe_overflow_paths, portal_sewer_entry_d,
          nicolae_concentric_dashed_squares_wild, minmay_misc_feat_rows,
          uniq_menkaure
D:5:      cheibrodos_two_vegetables, layout_loops_ring, uniq_blork_the_orc

Skill      XL: |  1  2  3  4  5  6  7 |
---------------+----------------------+-----
Stealth        | |  9.9
Invocations    | 1 2 |  2.8
Short Blades   | 1 2 |  2.5
Long Blades    | 1 2 |  2.5
Maces & Flails | 1 2 |  2.5
Polearms       | 1 2 |  2.5
Staves         | 1 2 |  2.5
Slings         | 1 2 |  2.5
Bows           | 1 2 |  2.5
Crossbows      | 1 2 |  2.5
Throwing       | 1 2 |  2.5
Armour         | 1 2 |  2.5
Shields        | 1 2 |  2.5
Unarmed Combat | 1 2 |  2.5
Spellcasting   | 1 2 |  2.5
Evocations     | 1 2 |  2.5
Conjurations   | 1 2 |  2.0
Hexes          | 1 2 |  2.0
Summonings     | 1 2 |  2.0
Necromancy     | 1 2 |  2.0
Translocations | 1 2 |  2.0
Transmutations | 1 2 |  2.0
Fire Magic     | 1 2 |  2.0
Ice Magic      | 1 2 |  2.0
Air Magic      | 1 2 |  2.0
Earth Magic    | 1 2 |  2.0
Poison Magic   | 1 2 |  2.0
Axes           | 5 |  5.2
Dodging        | 5 |  5.2
Fighting       | 7 |  7.0

Action                   |  1- 3 |  4- 6 |  7- 9 || total
-------------------------+-------+-------+-------++-------
Melee: Hand axe          |   104 |       |       ||   104
       Bite              |     4 |     8 |     4 ||    16
       Dagger            |    24 |    34 |       ||    58
       Punch             |     2 |       |     2 ||     4
       Broad axe         |       |    43 |    52 ||    95
Throw: Dart              |       |     2 |     3 ||     5
 Cast: Summon Small Mamm |       |     4 |       ||     4
       Mephitic Cloud    |       |     1 |       ||     1
  Use: Scroll            |     2 |     3 |       ||     5
 Stab: Sleeping          |     2 |     1 |       ||     3
Armor: Leather armour    |     3 |       |       ||     3
       Chain mail        |    79 |    35 |    30 ||   144
Dodge: Dodged            |    43 |    15 |    13 ||    71
Block: Buckler           |       |     1 |       ||     1

Table legend: (Time is in decaauts)
 A = Elapsed time spent in this place.
 B = Non-inter-level travel time spent in this place.
 C = Inter-level travel time spent in this place.
 D = Time resting spent in this place.
 E = Time spent auto-exploring this place.
 F = Levels seen in this place.
 G = Mean time per level.
                   A        B        C        D        E       F      G
               +--------+--------+--------+--------+--------+-----+--------+
         Total |   4600 |   4436 |    164 |    946 |   2628 |   5 |  920.0 |
       Dungeon |   4600 |   4436 |    164 |    946 |   2628 |   5 |  920.0 |
               +--------+--------+--------+--------+--------+-----+--------+

Top non-repeatable levels by time:
     D:3: 1347 daAuts
     D:2: 1162 daAuts
     D:1: 1112 daAuts
     D:4: 780 daAuts
     D:5: 197 daAuts
